Map: Alcyone LE

Players

pab - Winner!

  • Race: Zerg Zerg
  • League: Platinum
  • Spawn Location: 7:00

VOD

Have the link to the VOD?

Description

Time

  • Played on: March 19, 2024, 12:04 p.m.
  • Length: 7:50
Show
View Real Time Build Order
Export as new Build Order

pab Zerg - Winner!

Build Orders:  

Get SALT Encoding   

  12  0:44  Hatchery  
  11  1:06  Spawning Pool  
  10  1:16  Drone  
  10  1:17  Drone  
  12  1:24  Drone  
  13  1:40  Drone  
  13  1:47  Overlord  
  14  2:10  Extractor  
  14  2:17  Zergling x4  
  15  2:29  Zergling x2  
  16  2:32  Drone  
  17  2:41  Drone  
  17  2:49  Drone  
  19  3:00  Drone  
  20  3:13  Drone x2, Hatchery  
  21  3:22  Drone  
  22  3:34  Drone x2  
  24  3:43  Overlord  
  24  3:58  Drone  
  25  4:00  Drone  
  25  4:04  Drone  
  27  4:11  Drone  
  27  4:19  Drone  
  26  4:40  Metabolic Boost  
  26  4:43  Drone x3  
  29  5:06  Zergling x2  
  29  5:07  Zergling x6, Hatchery  
  32  5:24  Zergling x8  
  36  5:33  Drone x2  
  36  5:34  Extractor  
  37  5:43  Zergling x4  
  37  5:47  Drone, Lair  
  40  5:53  Zergling x2  
  40  5:58  Zergling x2  
  42  6:06  Overlord  
  41  6:11  Zergling x2  
  41  6:18  Zergling x2  
  41  6:35  Zergling x8  
  43  6:50  Zergling x8  
  43  6:55  Zergling x4  
  49  7:02  Zergling x2  
  50  7:12  Zergling x6  
  50  7:19  Zergling x4  
Tags
 
League
Platinum
Matchup
Co-op
Add a new tag
Caveats
  • Supply blocks, unpowered buildings, or Contaminate may cause inaccurate times.
  • Supply counts are checked every 10 seconds.